 Dungeon Crawl Stone Soup version 0.24-a0-458-gfcb5e6da0e (webtiles) character file.

Game seed: 11690701690909654968

27 Klosterheim the Cudgeler (level 2, 20/20 HPs)
             Began as a Draconian Wanderer on June 26, 2019.
             Got out of the dungeon alive.
             The game lasted 00:04:33 (1654 turns).

Klosterheim the Cudgeler (Draconian Wanderer)       Turns: 1654, Time: 00:04:33

Health: 20/20      AC:  4    Str: 15    XL:     2   Next: 93%
Magic:  4/4        EV: 11    Int: 13    God:
Gold:   72         SH:  0    Dex:  8    Spells: 2/3 levels left

rFire    . . .     SeeInvis .   a - +0 club
rCold    . . .     Gourm    .   (no shield)
rNeg     . . .     Faith    .   (armour unavailable)
rPois    .         Spirit   .   (helmet restricted)
rElec    .         Reflect  .   (no cloak)
rCorr    .         Harm     .   (no gloves)
MR       .....                  (no boots)
Stlth    +.........             (no amulet)
HPRegen  0.06/turn              (no ring)
MPRegen  0.09/turn              (no ring)

@: no status effects
A: unfitting armour, cold-blooded, AC +4
a: no special abilities


You escaped.
You were not hungry.

You visited 1 branch of the dungeon, and saw 2 of its levels.

You collected 72 gold pieces.

Inventory:

Hand Weapons
 a - a +0 club (weapon)
Missiles
 g - 2 silver boomerangs (quivered)
Scrolls
 f - a scroll of remove curse {unknown}
Potions
 c - a potion of degeneration {unknown}
 e - 2 potions of flight {unknown}
Comestibles
 b - a chunk of flesh
 d - 6 rations


   Skills:
 + Level 3.2 Maces & Flails
 + Level 0.8 Dodging
 - Level 1.0 Stealth
   Level 1.0 Shields
 + Level 1.4 Spellcasting
 * Level 1.5 Conjurations
   Level 2.6 Charms
   Level 1.0 Translocations


You had 2 spell levels left.
You knew the following spells:

 Your Spells              Type           Power        Failure   Level  Hunger
a - Magic Dart            Conj           #...         14%         1    ##.....

Your spell library contained the following spells:

 Spells                   Type           Power        Failure   Level  Hunger
 Shock                    Conj/Air       #...         21%         1    ##.....
 Blink                    Tloc           N/A          26%         2    ###....
 Call Imp                 Summ           #.......     38%         2    ###....
 Slow                     Hex            #.......     38%         2    ###....
 Conjure Flame            Conj/Fire      #.......     52%         3    ####...
 Mephitic Cloud           Conj/Pois/Air  #.......     54%         3    ####...


Dungeon Overview and Level Annotations

Branches:
Dungeon (2/15)

Altars:


Innate Abilities, Weirdness & Mutations

Your plain brown scales are hard. (AC +4)
You cannot fit into any form of body armour.
You are cold-blooded and may be slowed by cold attacks.


Message History

Unknown command.
Unknown command.
Found 18 gold pieces.
You see here 2 silver boomerangs.
g - 2 silver boomerangs
Found a plate armour.
Welcome back, Klosterheim the Draconian Wanderer.
Press ? for a list of commands and other information.
Okay, then.
You can't go up here!
No monsters, items or features are visible.
There is a stone staircase leading up here.
You climb upwards.
There is a stone staircase leading down here.
There is a dry fountain, spattered with blood here.
There is a dry fountain here.
Some of the chunks of flesh in your inventory have rotted away.
There is a staircase leading out of the dungeon here.
Are you sure you want to leave the Dungeon?
This will make you lose the game!
You have escaped!

#.#..####..####.#############..)
#.#..#...###.......### #####
##........#.....⌠.....# #..>.
#....###..##..⌠...⌠..## ##....
.....###.####.......## ##.....
....##..## ##..⌠..## ##......
.......## ##...## #..#....
....#### ####...#### ####....
....########....@....########....
....##.....................##...#
....##..⌠.^..⌠.....⌠.(..⌠..#..###
....##.....⌠....#...(⌠.....####
.>..###..⌠....#####....⌠..####
##.## ##....### ###....##..####
##.# ##.### ###.##....... ##.#
######### ########........
##.#####.......###......>........


There were no monsters in sight!

Vanquished Creatures
  An ooze (D:2)
  A giant cockroach (D:1)
  3 goblins
  2 hobgoblins
  7 bats
  A frilled lizard (D:2)
  3 kobolds (D:1)
  2 rats (D:2)
20 creatures vanquished.

Notes
Turn   | Place    | Note
-------+----------+-------------------------------------------
     0 | D:1      | Klosterheim the Draconian Wanderer began the quest for the
                  | Orb.
     0 | D:1      | Klosterheim set off with the following items: a +0 club, a
                  | ration; and the following spells available to memorise:
                  | Magic Dart, Shock, Blink, Call Imp, Slow, Conjure Flame,
                  | Mephitic Cloud
     0 | D:1      | Reached XP level 1. HP: 14/14 MP: 2/2
     2 | D:1      | Learned a level 1 spell: Magic Dart
   494 | D:1      | Reached XP level 2. HP: 11/20 MP: 0/3
   774 | D:1      | Reached skill level 1 in Conjurations
  1654 | D:$      | Got out of the dungeon alive.

Levels and vault maps discovered:
D:1:      dpeg_arrival_leaves_temple_mockup, layout_rooms,
          minmay_misc_feat_ornament
D:2:      wander_river, layout_basic, grunt_gozag_breadcrumbs, uniq_sigmund,
          uniq_natasha

Skill      XL: |  1  2 |
---------------+-------+-----
Conjurations   | 1 |  1.5
Maces & Flails | |  3.2
Dodging        | |  0.8
Stealth        | |  1.0
Shields        | |  1.0
Spellcasting   | |  1.4
Charms         | |  2.6
Translocations | |  1.0

Action                   || total
-------------------------++-------
Melee: Club              ||    87
       Tailslap          ||     2
 Cast: Magic Dart        ||    15
  Use: Scroll            ||     1
  Eat: Chunk             ||     3
Armor: Skin              ||    80
Dodge: Dodged            ||   120

Table legend:
 A = Non-vault XP
 B = Vault XP
 C = Vault XP percentage of total XP
 D = Non-vault monster count
 E = Vault monster count
 F = Vault count percentage of total count
                 A         B        C        D         E       F
            +---------+---------+-------+---------+---------+-------
      Total |      39 |       0 |   0.0 |      20 |       0 |   0.0
            +---------+---------+-------+---------+---------+-------
        D:1 |      22 |       0 |   0.0 |      12 |       0 |   0.0
        D:2 |      17 |       0 |   0.0 |       8 |       0 |   0.0
            +---------+---------+-------+---------+---------+-------
